General information
- name: BNet
- type: Ladder 1vs1/FFA
- host: Battle.net
- saver: HopelessRomanti
map: TerenasStand
- players: 2
- length: 10:20
- speed: Fast
- version: 1.21 W3XP
- replay type: Public
» download(44 KB)
Players
team 1 (winner)
HopelessRomanti (
teal | 168 APM | 1734 actions | 10:20)
4 Death Knight
2 Death Coil
2 Unholy Aura
2 Lich
1 Frost Nova
1 Dark Ritual
» actions
| Assign group hotkey | 17 | |
| Basic commands | 125 | |
| Build / train | 27 | |
| ESC pressed | 1 | |
| Enter build submenu | 12 | |
| Enter hero's abilities submenu | 7 | |
| Right click | 762 | |
| Select / deselect | 296 | |
| Select group hotkey | 440 | |
| Use ability | 47 | |
1734 total
» units
| Acolyte | 2 | |
| Ghoul | 1 | |
| Crypt Fiend | 10 | |
13 total
» upgrades
| Creature Carapace | 1 | |
| Burrow | 1 | |
2 total
» buildings
| Crypt | 1 | |
| Graveyard | 4 | |
| Altar of Darkness | 1 | |
| Ziggurat | 3 | |
| Tomb of Relics | 1 | |
| Halls of the Dead | 1 | |
11 total
» build order
00:06 Crypt
00:21 Graveyard
00:24 Graveyard
00:27 Graveyard
00:28 Graveyard
00:45 Altar of Darkness
01:00 Ziggurat
01:27 Tomb of Relics
02:04 Ziggurat
04:18 Halls of the Dead
04:40 Ziggurat
» items
team 2 (loser)
FlashJordan (
pink | 109 APM | 1124 actions | 10:18)
3 Dreadlord
2 Sleep
1 Vampiric Aura
» actions
| Assign group hotkey | 14 | |
| Basic commands | 40 | |
| Build / train | 40 | |
| Enter build submenu | 15 | |
| Enter hero's abilities submenu | 3 | |
| Right click | 510 | |
| Select / deselect | 349 | |
| Select group hotkey | 131 | |
| Use ability | 22 | |
1124 total
» units
| Acolyte | 2 | |
| Ghoul | 25 | |
| Necromancer | 1 | |
28 total
» upgrades
| Unholy Strength | 1 | |
| Unholy Armor | 1 | |
2 total
» buildings
| Altar of Darkness | 1 | |
| Ziggurat | 7 | |
| Crypt | 1 | |
| Graveyard | 2 | |
| Halls of the Dead | 1 | |
| Nerubian Tower | 1 | |
| Spirit Tower | 3 | |
| Temple of the Damned | 1 | |
17 total
» build order
00:07 Altar of Darkness
00:09 Ziggurat
00:12 Ziggurat
00:34 Crypt
01:03 Ziggurat
01:25 Graveyard
01:28 Graveyard
02:33 Ziggurat
05:03 Halls of the Dead
06:08 Nerubian Tower
07:00 Spirit Tower
07:03 Spirit Tower
08:12 Temple of the Damned
08:14 Ziggurat
08:37 Ziggurat
09:25 Ziggurat
09:55 Spirit Tower
Chat log
(00:45 / All) FlashJordan: glhf
(10:09 / All) FlashJordan: gg